 Dungeon Crawl Stone Soup version 0.19.4-10-g532645f (webtiles) character file.

157 RKaid the Insei (level 5, -1/25 HPs)
             Began as a Vine Stalker Transmuter on Feb 26, 2017.
             Was an Initiate of Makhleb.
             Slain by a worker ant (2 damage)
             ... on level 5 of the Dungeon.
             The game lasted 00:13:48 (4315 turns).

RKaid the Insei (Vine Stalker Transmuter)           Turns: 4315, Time: 00:13:48

Health: -1/25      AC:  2    Str: 11 (12) XL:     5   Next: 38%
Magic:  0/9        EV: 12    Int: 17 (19) God:    Makhleb [......]
Gold:   161        SH:  0    Dex: 12 (15) Spells: 3 memorised, 2 levels left

rFire  + + .     SeeInvis .       - Unarmed
rCold  + . .     Gourm    .     b - +0 robe
rNeg   . . .     Faith    .     (no shield)
rPois  +         Spirit   +     (no helmet)
rElec  +         Reflect  .     (no cloak)
rCorr  +         Harm     .     (no gloves)
MR     .....                    (no boots)
Stlth  +.........               (no amulet)
                                (no ring)
                                y - ring of protection from fire {rF+}

@: brilliant, lethally poisoned (-1 -> -3), resistant
A: fangs 2, regeneration 1, magic shield, antimagic bite, no device heal 3, rot
immunity
a: Renounce Religion


You were on level 5 of the Dungeon.
You worshipped Makhleb.
Makhleb was noncommittal.
You were near starving.

You visited 2 branches of the dungeon, and saw 6 of its levels.

You collected 161 gold pieces.

Inventory:

Missiles
 a - 47 arrows
 f - a throwing net {=f}
 g - 114 stones (quivered)
 l - 30 poisoned needles
Armour
 b - a +0 robe (worn)
Jewellery
 y - a ring of protection from fire (left hand) {rF+}
   (You found it on level 3 of the Dungeon)
Wands
 m - a wand of iceblast (12/15)
   (You found it on level 4 of the Dungeon)
 o - a wand of lightning (7/15)
   (You found it on level 2 of the Dungeon)
 r - a wand of digging (12/24)
   (You found it on level 2 of the Dungeon)
Scrolls
 j - a scroll of amnesia {unknown}
 k - a scroll of fear {unknown}
 t - 2 scrolls of remove curse
 B - a scroll of enchant armour {unknown}
Potions
 h - a potion of heal wounds {unknown}
 i - a potion of degeneration {!q}
 p - a potion of might {unknown}
 s - a potion of lignification {unknown}
 u - a potion of curing {unknown}
 v - a potion of cancellation {unknown}
 z - a potion of agility {unknown}
Books
 c - a book of Changes
Comestibles
 d - 2 bread rations
 n - 2 meat rations


   Skills:
 - Level 0.8 Fighting
 - Level 1.5 Dodging
 + Level 5.0 Unarmed Combat
 - Level 2.1 Spellcasting
 * Level 3.6 Transmutations


You had 2 spell levels left.
You knew the following spells:

 Your Spells              Type           Power        Failure   Level  Hunger
a - Beastly Appendage     Tmut           ###...       1%          1    #......
b - Sticks to Snakes      Tmut           ###.....     1%          2    ###....
c - Spider Form           Tmut/Pois      ###.......   3%          3    ###....


Dungeon Overview and Level Annotations

Branches:
Dungeon (5/15)             Temple (1/1) D:4

Altars:
Ashenzari
Dithmenos
Elyvilon
Fedhas
Gozag
Hepliaklqana
Kikubaaqudgha
Makhleb
Nemelex Xobeh
Okawaru
Ru
Trog
Uskayaw
Vehumet
Xom
Yredelemnul
Zin
The Shining One


Innate Abilities, Weirdness & Mutations

You have extremely sharp teeth.
Your natural rate of healing is unusually fast.
When hurt, damage is shared between your health and your magic reserves.
Your bite disrupts and absorbs the magic of your enemies.
Potions and wands cannot restore your health.
You are immune to rotting.


Message History

You drain its power.
You feel invigorated.
You kill the ball python!
Makhleb accepts your kill.
g - 117 stones (gained 1)
Your magical contamination has completely faded away.
You now have 148 gold pieces (gained 7).
There is an open door here.
You open the door.
There is an open door here.
You see here a plate armour.
You open the door.
There is an open door here.
You open the door.
There is an open door here.
You are feeling very hungry.
You see here a trident.
You see here a trident.
There is an open door here.
There is an open door here.
You now have 161 gold pieces (gained 13).
There is an open door here.
Done exploring.
Done exploring.
Okay, then.
You are near starving!
There is a stone staircase leading down here.
You climb downwards.
There is a stone staircase leading up here.
You open the door.
A worker ant comes into view.
There is an open door here.
Throwing (i - inventory):
g - 117 stones (quivered)
Press: ? - help, Shift-Dir - straight line, f - worker ant
Aim: a worker ant You throw a stone.
The stone hits the worker ant but does no damage.
Throwing (i - inventory):
g - 116 stones (quivered)
Press: ? - help, Shift-Dir - straight line, f/p - worker ant
Aim: a worker ant You throw a stone.
The stone hits the worker ant but does no damage.
Throwing (i - inventory):
g - 115 stones (quivered)
Press: ? - help, Shift-Dir - straight line, f/p - worker ant
Aim: a worker ant You throw a stone.
The stone hits the worker ant but does no damage.
Casting: Beastly Appendage
Confirm with . or Enter, or press ? or * to list all spells.
Your feet morph into talons.
Your transformation is almost over.
The worker ant bites you.
You are poisoned.
The worker ant poisons you!
You hit the worker ant. You claw the worker ant.
You feel sick. The worker ant bites you.
You are more poisoned.
The worker ant poisons you!
You barely miss the worker ant.
You feel sick. The worker ant bites you!
You feel sick. The worker ant barely misses you.
You feel sick.
The worker ant waves its antennae.
There is a stone staircase leading up here.
You feel sick.
You feel sick. The worker ant barely misses you.
You feel sick.
Your talons disappear.
You feel sick.
You feel sick.
You open the door. The worker ant bites you. The worker ant bites you.
* * * LOW HITPOINT WARNING * * *
You are more poisoned.
The worker ant poisons you!
There is an open door here.
You feel sick.
It was a potion of degeneration.
There was something very wrong with that liquid.
You feel weakened.
You feel dopey.
You feel clumsy.
You feel sick. The worker ant bites you.
* * * LOW HITPOINT WARNING * * *
Okay, then.
Press: ? - help, v - describe, . - travel, g - get item A hardcover book.
The floor.
Unknown command.
Unknown command.
Okay, then.
Okay, then.
Okay, then.
It was a potion of brilliance.
You feel clever all of a sudden.
* * * LOW HITPOINT WARNING * * *
You feel sick. The worker ant bites you.
* * * LOW HITPOINT WARNING * * *
It was a potion of resistance.
You feel protected.
* * * LOW HITPOINT WARNING * * *
You feel sick. The worker ant bites you.
You die...

#............#
#............#
#............#
#............######
##'###+##..#..#
#....#........#
#..<.#........#
#....#?..:.%..#
#....#.@......#
##.####a#..#..#
##..##.###..####
..............#
..............#
.##...#########
#... ..... .....


You could see a worker ant.

Vanquished Creatures
  A worker ant (D:4)
  A hound skeleton (D:4)
  2 adders (D:3)
  9 worms
  A dart slug (D:4)
  3 leopard geckos
  2 orcs (D:3)
  8 bats
  A giant cockroach (D:3)
  10 goblins
  6 hobgoblins
  8 jackals
  A quokka (D:3)
  A ball python (D:4)
  3 frilled lizards
  4 kobolds
  6 rats
67 creatures vanquished.

Vanquished Creatures (collateral kills)
  An adder (D:3)
1 creature vanquished.

Grand Total: 68 creatures vanquished

Notes
Turn   | Place    | Note
-------+----------+-------------------------------------------
     0 | D:1      | RKaid the Vine Stalker Transmuter began the quest for the Orb.
     0 | D:1      | Reached XP level 1. HP: 9/9 MP: 4/4
   426 | D:1      | Reached XP level 2. HP: 13/14 MP: 4/6
   942 | D:1      | Learned a level 2 spell: Sticks to Snakes
  1217 | D:2      | Reached XP level 3. HP: 14/17 MP: 7/7
  1691 | D:2      | Reached skill level 3 in Transmutations
  2177 | D:3      | Found an opulent altar of Gozag.
  2246 | D:3      | Reached skill level 4 in Unarmed Combat
  2278 | D:3      | Gained mutation: Your natural rate of healing is unusually fast. [Vine Stalker growth]
  2278 | D:3      | Reached XP level 4. HP: 21/21 MP: 5/8
  2314 | D:3      | Learned a level 3 spell: Spider Form
  2428 | D:3      | Found a blossoming altar of Fedhas.
  2971 | D:3      | Found a hazy altar of Hepliaklqana.
  3200 | D:4      | Reached XP level 5. HP: 24/25 MP: 9/9
  3415 | D:4      | Found a glowing silver altar of Zin.
  3449 | D:4      | Reached skill level 5 in Unarmed Combat
  3474 | D:4      | Found a staircase to the Ecumenical Temple.
  3480 | Temple   | Entered the Ecumenical Temple
  3558 | Temple   | Became a worshipper of Makhleb the Destroyer
  4289 | D:5      | Entered Level 5 of the Dungeon
  4312 | D:5      | HP: 6/25 [poisoned by a worker ant]
  4314 | D:5      | HP: 2/25 [poisoned by a worker ant]
  4315 | D:5      | Slain by a worker ant

Skill      XL: |  1  2  3  4  5 |
---------------+----------------+-----
Transmutations | 3 |  3.6
Unarmed Combat | 4 5 |  5.0
Fighting       | |  0.8
Dodging        | |  1.5
Spellcasting   | |  2.1

Action                   |  1- 3 |  4- 6 || total
-------------------------+-------+-------++-------
Melee: Unarmed           |   119 |   101 ||   220
       Bite              |    25 |    24 ||    49
       Kick              |    12 |    12 ||    24
       Punch             |     1 |     4 ||     5
       Headbutt          |       |     1 ||     1
Throw: Stone             |    74 |    35 ||   109
 Cast: Beastly Appendage |    15 |     7 ||    22
       Sticks to Snakes  |       |     5 ||     5
Evoke: Wand              |       |     1 ||     1
  Use: Scroll            |       |     5 ||     5
       Potion            |       |     3 ||     3
  Eat: Chunk             |     4 |     6 ||    10
Armor: Robe              |    26 |    14 ||    40
Dodge: Dodged            |    59 |    52 ||   111

Vault maps used:
D:1:      evilmike_arrival_crescent
D:3:      overflow_temple_1_default, marbit_many_paths, fedhas_altar_1,
          first_bread, st_stairs_12, kennysheep_generic_room_6
D:4:      zin_scriptorium, minmay_temple_entry_overgrown
D:5:      basic_altar, makhleb_heckhound_becter
Temple:   nicolae_temple_great_sept

Table legend:
 A = Turns spent in this place as a percentage of turns spent in the entire game.
 B = Non-inter-level travel turns spent in this place as a percentage of non-inter-level travel turns spent in the entire game.
 C = Inter-level travel turns spent in this place as a percentage of turns spent in this place.
 D = Turns resting spent in this place as a percentage of non-inter-level travel turns spent in this place.
 E = Turns spent auto-exploring this place as a percentage of non-inter-level travel turns spent in this place.
 F = Non-inter-level travel turns spent in this place divided by the number of levels of this place that you've seen.
                   A       B       C       D       E      F
               +-------+-------+-------+-------+-------+----------------------
         Total | 100.0 | 100.0 |   0.4 |   3.1 |   6.5 | 220.5
       Dungeon |  97.1 |  97.1 |   0.4 |   3.2 |   6.0 | 257.0
        Temple |   2.9 |   2.9 |   0.0 |   0.0 |  23.7 |  38.0
               +-------+-------+-------+-------+-------+----------------------

Table legend:
 A = Kills in this place as a percentage of kills in entire the game.
 B = Kills by you in this place as a percentage of kills by you in the entire game.
 C = Kills by friends in this place as a percentage of kills by friends in the entire game.
 D = Other kills in this place as a percentage of other kills in the entire game.
 E = Experience gained in this place as a percentage of experience gained in the entire game.
 F = Experience gained in this place divided by the number of levels of this place that you have seen.
                   A       B       C       D       E      F
               +-------+-------+-------+-------+-------+----------------------
         Total | 100.0 | 100.0 | 100.0 |  -nan | 100.0 |  37.5
       Dungeon | 100.0 | 100.0 | 100.0 |  -nan | 100.0 |  45.0
               +-------+-------+-------+-------+-------+----------------------
